 Dungeon Crawl Stone Soup version 0.24-a0-375-g4de66ed42b (webtiles) character file.

Game seed: 13610322496078304093

1915 goulibeur the Shield-Bearer (level 8, -1/71 HPs)
             Began as a Minotaur Fighter on May 31, 2019.
             Was a Follower of Trog.
             Killed by divine providence
             ... invoked by an orc priest
              (8 damage)
             ... on level 7 of the Dungeon.
             The game lasted 00:19:28 (5942 turns).

goulibeur the Shield-Bearer (Minotaur Fighter)      Turns: 5942, Time: 00:19:29

Health: -1/71      AC: 17    Str: 22    XL:     8   Next: 95%
Magic:  7/7        EV:  7    Int:  5    God:    Trog [*.....]
Gold:   220        SH: 10    Dex: 11    Spells: 7/7 levels left

rFire    . . .     SeeInvis +   A - +2 flail (protect)
rCold    . . .     Gourm    .   c - +0 shield
rNeg     . . .     Faith    .   j - +0 plate armour
rPois    .         Spirit   .   (helmet restricted)
rElec    .         Reflect  .   E - +2 cloak
rCorr    .         Harm     .   h - +0 pair of gloves
MR       .....                  (no boots)
Stlth    ..........             (no amulet)
HPRegen  0.21/turn              o - ring of see invisible
MPRegen  0.10/turn              (no ring)

@: lethally poisoned (-1 -> -3)
A: retaliatory headbutt, horns 2
a: Berserk, Renounce Religion


You were on level 7 of the Dungeon.
You worshipped Trog.
Trog was aware of your devotion.
You were near starving.

You visited 2 branches of the dungeon, and saw 8 of its levels.

You collected 220 gold pieces.

Inventory:

Hand Weapons
 A - a +2 flail of protection (weapon)
 B - a +3 dire flail of crushing
Missiles
 b - 71 sling bullets
 k - 16 boomerangs (quivered)
 l - 6 atropa-tipped darts
Armour
 c - a +0 shield (worn)
 h - a +0 pair of gloves (worn)
 j - a +0 plate armour (worn)
 E - a +2 cloak (worn)
Jewellery
 o - a ring of see invisible (left hand)
Wands
 a - a wand of random effects (18)
 r - a wand of digging (4)
Scrolls
 e - 9 scrolls of identify {unknown}
 g - a scroll of holy word {unknown}
 m - 6 scrolls of fear {unknown}
 n - 4 scrolls of teleportation {unknown}
 q - a scroll of enchant armour {unknown}
 t - 2 scrolls of magic mapping {unknown}
 u - 3 scrolls of remove curse {unknown}
 y - a scroll of amnesia {unknown}
 z - 2 scrolls of blinking {unknown}
 C - a scroll of enchant weapon {unknown}
Potions
 d - 2 potions of might
 i - 3 potions of berserk rage {unknown}
 p - a potion of magic {unknown}
 s - a potion of degeneration {unknown}
 v - 4 potions of curing {unknown}
 w - a potion of heal wounds {unknown}
 x - a potion of agility {unknown}
 D - a potion of brilliance {unknown}
Comestibles
 f - 9 rations


   Skills:
 + Level 6.7 Fighting
 + Level 6.1 Maces & Flails
 + Level 4.4 Throwing
 + Level 6.6 Armour
 + Level 5.0 Dodging
 + Level 6.8 Shields


You had 7 spell levels left.
You didn't know any spells.
Your spell library was empty.

Dungeon Overview and Level Annotations

Branches:
Dungeon (7/15)             Temple (1/1) D:4

Altars:
Ashenzari
Cheibriados
Dithmenos
Fedhas
Gozag
Hepliaklqana
Kikubaaqudgha
Makhleb
Nemelex Xobeh
Qazlal
Ru
Sif Muna
Trog
Vehumet
Wu Jian
Xom
Zin
The Shining One

Shops:
D:5 =

Annotations:
D:2 2 transporters


Innate Abilities, Weirdness & Mutations

You reflexively headbutt those who attack you in melee.
You have a pair of horns on your head.


Message History

Your life force feels restored.
Your Dodging skill increases to level 5!
You block the wight's attack.
Your shield and plate armour prevent you from hitting the wight.
You feel sick. You block the orc warrior's attack.
The orc priest casts a cantrip, but nothing happens.
The wight barely misses you.
You closely miss the wight. Your headbutt misses the wight.
The orc warrior barely misses you.
You barely miss the wight.
You feel sick. You block the wight's attack.
The orc warrior hits you from afar with a +0 halberd!
The orc priest mumbles some strange prayers to Beogh against you.
Beogh smites you!
* * * LOW HITPOINT WARNING * * *
You closely miss the wight. You block the wight's attack.
The orc warrior hits you from afar with a +0 halberd!
* * * LOW HITPOINT WARNING * * *
The orc priest mumbles some strange prayers to Beogh against you.
Beogh smites you!
You die...

.....###. ##..........
##..#.......... ## #...
.....>....... #..
#?.###............
#...##.. #.............
#<....####...[........
#@#..zz.o.?.......
#z#z.#.z......[...
#oz..##zo........#
#.ooz###..........>
#....####†o....#....
...$........o...##....
...........?.#.####.###
....._....##.....##..<#
.....8...........##....


You could see an orc warrior, 3 wights, an orc priest and an orc.

Vanquished Creatures
  Prince Ribbit (D:6)
  Edmund (D:6)
  An ice beast (D:6)
  2 sky beasts (D:6)
  A necrophage (D:5)
  An ogre (D:6)
  A centaur (D:6)
  2 bullfrogs (D:6)
  2 scorpions
  4 killer bees (D:7)
  A howler monkey (D:6)
  A centaur zombie (D:6)
  5 orc priests
  Crazy Yiuf (D:6)
  A centaur skeleton (D:5)
  5 orc wizards
  A worker ant (D:2)
  A hound skeleton (D:4)
  A howler monkey zombie (D:6)
  Robin (D:2)
  3 gnolls
  8 adders
  An ooze (D:4)
  2 worms
  A dart slug (D:1)
  8 orcs
  A ball python (D:5)
  5 bats
  5 giant cockroaches
  12 goblins
  15 hobgoblins
  7 jackals
  3 quokkas
  7 frilled lizards
  5 kobolds
  A leopard gecko skeleton (D:4)
  5 rats
123 creatures vanquished.

Notes
Turn   | Place    | Note
-------+----------+-------------------------------------------
     0 | D:1      | goulibeur the Minotaur Fighter began the quest for the Orb.
     0 | D:1      | Reached XP level 1. HP: 19/19 MP: 0/0
   191 | D:1      | Reached XP level 2. HP: 27/27 MP: 1/1
   846 | D:1      | Reached skill level 1 in Dodging
  1049 | D:2      | Found a transporter.
  1050 | D:2      | Noticed an ogre
  1057 | D:2      | Reached XP level 3. HP: 33/33 MP: 2/2
  1063 | D:2      | Found a transporter.
  1064 | D:2      | Noticed an orc warrior
  1135 | D:2      | Reached skill level 1 in Throwing
  1209 | D:2      | Found a shattered altar of Ashenzari.
  1387 | D:2      | Found a shadowy altar of Dithmenos.
  1411 | D:2      | Reached XP level 4. HP: 32/40 MP: 3/3
  1752 | D:2      | Found a faded altar of an unknown god.
  1925 | D:2      | Noticed Robin
  1941 | D:2      | Killed Robin
  2365 | D:3      | Reached XP level 5. HP: 47/47 MP: 4/4
  3166 | D:4      | Found a sacrificial altar of Ru.
  3239 | D:4      | Found a staircase to the Ecumenical Temple.
  3296 | D:4      | Reached XP level 6. HP: 49/53 MP: 5/5
  3612 | D:5      | Entered Level 5 of the Dungeon
  3812 | Temple   | Entered the Ecumenical Temple
  3966 | Temple   | Became a worshipper of Trog the Wrathful
  4125 | D:5      | Reached skill level 5 in Fighting
  4125 | D:5      | Reached skill level 5 in Armour
  4125 | D:5      | Reached skill level 5 in Shields
  4373 | D:5      | Found a glowing golden altar of the Shining One.
  4550 | D:5      | Reached XP level 7. HP: 55/61 MP: 6/6
  4618 | D:5      | Found Zaqadef's Jewellery Boutique.
  4765 | D:6      | Noticed Prince Ribbit
  4913 | D:6      | Killed Prince Ribbit
  4913 | D:6      | Reached skill level 5 in Maces & Flails
  5107 | D:6      | Found a shattered altar of Ashenzari.
  5111 | D:6      | Reached XP level 8. HP: 70/70 MP: 7/7
  5185 | D:6      | Noticed Edmund
  5218 | D:6      | Killed Edmund
  5218 | D:6      | Reached * piety under Trog
  5288 | D:6      | Found a sparkling altar of Nemelex Xobeh.
  5370 | D:6      | Found a runed translucent door.
  5371 | D:6      | Noticed Crazy Yiuf
  5786 | D:6      | Killed Crazy Yiuf
  5915 | D:7      | Found a snail-covered altar of Cheibriados.
  5915 | D:7      | Found a shimmering altar of Xom.
  5938 | D:7      | Reached skill level 5 in Dodging
  5942 | D:7      | Killed from afar by an orc priest

Levels and vault maps discovered:
D:1:      kennysheep_arrival_seaside, layout_basic
D:2:      layout_basic, gammafunk_temple_overflow_arena,
          chequers_ecumenical_altar_grove, minmay_hexomino_r4, uniq_robin
D:3:      layout_loops_cross
D:4:      layout_basic, nicolae_ru_great_annihilating_truth,
          minmay_temple_entry_mist, first_ration
D:5:      layout_basic, nicolae_tso_carved_into_rock, serial_shops,
          nicolae_shop_trees
D:6:      layout_cave_pools, nicolae_overflow_hidden_temple,
          nemelex_xobeh_ov_fountains_minmay, uniq_prince_ribbit1,
          uniq_crazy_yiuf_cottage, uniq_edmund
D:7:      minmay_the_grid_triangle_9x9_rhombus_thin
          [minmay_the_grid_triangle_9x9_zippers_horizontal,
          minmay_the_grid_triangle_9x9_prize_top_heavy,
          minmay_the_grid_triangle_9x9_zippers_vertical,
          minmay_the_grid_triangle_9x9_from_above], layout_cave_pools,
          elyvilon_altar_3, chequers_temple_overflow_statue_of_worship,
          uniq_pikel
Temple:   chequers_temple_sunken

Skill      XL: |  1  2  3  4  5  6  7  8 |
---------------+-------------------------+-----
Dodging        | 1 2 3 5 |  5.0
Fighting       | 4 5 6 |  6.7
Maces & Flails | 3 4 5 6 |  6.1
Throwing       | 1 2 3 4 |  4.4
Armour         | 4 5 6 |  6.6
Shields        | 4 5 6 |  6.8

Action                   |  1- 3 |  4- 6 |  7- 9 || total
-------------------------+-------+-------+-------++-------
Melee: Flail             |   107 |   171 |   112 ||   390
       Headbutt          |    14 |    33 |    21 ||    68
Throw: Boomerang         |     3 |       |    49 ||    52
 Stab: Paralysed         |       |     1 |       ||     1
  Eat: Chunk             |     2 |     9 |     4 ||    15
Armor: Scale mail        |     2 |       |       ||     2
       Plate armour      |    71 |    79 |    72 ||   222
Dodge: Dodged            |    23 |    40 |    41 ||   104
Block: Shield            |    55 |    82 |    65 ||   202

Table legend:
 A = Non-vault XP
 B = Vault XP
 C = Vault XP percentage of total XP
 D = Non-vault monster count
 E = Vault monster count
 F = Vault count percentage of total count
                 A         B        C        D         E       F
            +---------+---------+-------+---------+---------+-------
      Total |    2159 |     577 |  21.1 |     106 |      17 |  13.8
            +---------+---------+-------+---------+---------+-------
        D:1 |      35 |       0 |   0.0 |      19 |       0 |   0.0
        D:2 |     113 |      32 |  22.1 |      22 |      10 |  31.2
        D:3 |     135 |       0 |   0.0 |      20 |       0 |   0.0
        D:4 |     148 |      43 |  22.5 |      12 |       4 |  25.0
        D:5 |     266 |       0 |   0.0 |       8 |       0 |   0.0
        D:6 |    1214 |     502 |  29.3 |      21 |       3 |  12.5
        D:7 |     248 |       0 |   0.0 |       4 |       0 |   0.0
            +---------+---------+-------+---------+---------+-------
